 Dungeon Crawl Stone Soup version 0.29-a0-962-gc8bbfd0a37 (webtiles) character file.

Game seed: 10369772741276943109

21 Spectrina the Magician (level 3, 0/25 HPs)
             Began as a Djinni Venom Mage on July 30, 2022.
             Slain by a bat (1 damage)
             ... on level 1 of the Dungeon.
             The game lasted 00:06:41 (371 turns).

Spectrina the Magician (Djinni Venom Mage)           Turns: 371, Time: 00:06:42

Health: 0/25       AC:  2    Str:  7    XL:     3   Next: 5%
Gold:   69         EV: 12    Int: 18    God:
                   SH:  0    Dex: 13

rFire   + + +      SeeInvis .   (no weapon)
rCold   x . .      Faith    .   (no shield)
rNeg    . . .      Spirit   .   a - +0 robe
rPois   ∞          Reflect  .   (no helmet)
rElec   .          Harm     .   (no cloak)
rCorr   .          Rampage  .   (no gloves)
Will    .....                   (boots unavailable)
Stlth   ++........              (no amulet)
HPRegen 0.08/turn               d - ring of protection from fire
MPRegen 0.00/turn               (no ring)

@: flying
A: sickness immunity, fire resistance 2, cold vulnerability 1, float, innate
caster, HP casting, extra vitality 1
a: no special abilities


You were on level 1 of the Dungeon.
You visited 1 branch of the dungeon, and saw 2 of its levels.

You collected 69 gold pieces.

Inventory:

Armour
 a - a +0 robe (worn)
Jewellery
 d - a ring of protection from fire (left hand)
Scrolls
 b - a scroll of identify {unknown}
 e - a scroll of magic mapping {unknown}
 f - a scroll of vulnerability {unknown}
Potions
 c - a potion of lignification {unknown}


   Skills:
 - Level 2.1 Dodging
 - Level 1.5 Stealth
 + Level 3.1 Spellcasting


You couldn't memorise any spells.
You knew the following spells:

 Your Spells              Type           Power      Damage    Failure   Level
a - Sting                 Tmut/Pois      56%        1d5       4%          1
c - Mephitic Cloud        Conj/Pois/Air  14%        N/A       13%         3
d - Sandblast             Erth           28%        2d8       4%          1
q - Poisonous Vapours     Pois/Air       28%        N/A       7%          2
r - Olgreb's Toxic Radia  Pois           14%        N/A       41%         4
Your spell library was empty.

Dungeon Overview and Level Annotations

Branches:
Dungeon (2/15)

Altars:

Shops:
D:2 =


Innate Abilities, Weirdness & Mutations

You are immune to sickness and miasma.
You are immune to poison.
Your flesh is very heat resistant. (rF++)
You are vulnerable to cold. (rC-)
You float through the air rather than walking.
You learn spells naturally, not from books.
Your magical power is your life essence.
You have superior vitality. (+4 MHP)


Message History

Aim: a bat (severely wounded) Poisonous vapours surround the bat!
The bat is poisoned.
* * * LOW HITPOINT WARNING * * *
The bat closely misses you.
Unknown command.
You see here 8 gold pieces.
You hit the bat but do no damage.
The bat is severely wounded.
The bat hits you but does no damage.
You now have 69 gold pieces (gained 8).
The bat hits you but does no damage.
You closely miss the bat.
The bat is moderately wounded.
The bat hits you but does no damage. The bat hits you but does no damage.
You hit the bat but do no damage.
The bat is moderately wounded.
The bat hits you.
* * * LOW HITPOINT WARNING * * *
The bat looks more healthy.
The bat closely misses you.
Casting: Poisonous Vapours (safe; 7% risk of failure)
Confirm with . or Enter, or press ? or * to list all spells.
Aiming: Sting (safe; 4% risk of failure)
Press: ? - help, Shift-Dir - straight line, f/p - bat
Aim: a bat (moderately wounded, 57% to hit)
The sting misses the bat.
* * * LOW HITPOINT WARNING * * *
The bat completely misses you.
Unknown command.
You closely miss the bat.
The bat is moderately wounded.
The bat hits you but does no damage.
Casting: Sting (safe; 4% risk of failure)
Confirm with . or Enter, or press ? or * to list all spells.
Aiming: Sting (safe; 4% risk of failure)
Press: ? - help, Shift-Dir - straight line, f/p - bat
Aim: a bat (57% to hit)
The sting misses the bat.
* * * LOW HITPOINT WARNING * * *
The bat hits you.
You die...

#.#.#.#..........#
##...............#
.......#........##
.......##......##
.......######.##
##............####
.......##........#
######.........b.#
...# ####.......@#
.^.# #####.####
...## #.# ....#
#.# ....## #)#
.....## #.#
......## #.#
##..#..###
.#..##...##


You could see a bat.

Vanquished Creatures
  A dart slug (D:2)
  2 endoplasms (D:2)
  A giant cockroach (D:1)
  3 goblins
  A hobgoblin (D:2)
  2 kobolds (D:1)
  A quokka (D:1)
  2 ball pythons
  2 bats (D:1)
  A frilled lizard (D:1)
  2 rats
18 creatures vanquished.

Notes
Turn   | Place    | Note
-------+----------+-------------------------------------------
     0 | D:1      | Spectrina the Djinni Venom Mage began the quest for the
                  | Orb.
     0 | D:1      | Spectrina set off with the following spells memorised:
                  | Sting, Poisonous Vapours, Mephitic Cloud, Olgreb's Toxic
                  | Radiance.
     0 | D:1      | Reached XP level 1. HP: 15/15 MP: 0/0
     1 | D:1      | You are sucked into a shaft and drop 1 floor!
    38 | D:1      | Reached XP level 2. HP: 4/21 MP: 0/0
    53 | D:1      | HP: 1/21 [kobold/+0 dagger (3)]
    82 | D:2      | Found Bemuimp's Jewellery Shop.
    96 | D:2      | Reached skill level 3 in Spellcasting
   152 | D:2      | Noticed a black bear
   176 | D:1      | Found a faded altar of an unknown god.
   273 | D:1      | Reached XP level 3. HP: 3/25 MP: 0/0
   273 | D:1      | Learned a level 1 spell: Sandblast
   337 | D:1      | Upgraded the game from 0.29-a0-925-g0a7a3d12f8 to
                  | 0.29-a0-962-gc8bbfd0a37
   371 | D:1      | Slain by a bat

Illustrated notes

Levels and vault maps discovered:
D:1:      lightli_arrival_chessboard, layout_rooms,
          nicolae_ecumenical_lake_church, minivault_11
D:2:      layout_rooms, serial_shops, nicolae_diamond_shop

Skill      XL: |  1  2 |
---------------+-------+-----
Spellcasting   | 3 |  3.1
Dodging        | |  2.1
Stealth        | |  1.5

Action                   || total
-------------------------++-------
Melee: Unarmed           ||     9
 Cast: Sting             ||    25
       Poisonous Vapours ||     7
  Use: Potion            ||     1
Armor: Robe              ||     6
Dodge: Dodged            ||    12

Table legend: (Time is in decaauts)
 A = Elapsed time spent in this place.
 B = Non-inter-level travel time spent in this place.
 C = Inter-level travel time spent in this place.
 D = Time resting spent in this place.
 E = Time spent auto-exploring this place.
 F = Levels seen in this place.
 G = Mean time per level.
                   A        B        C        D        E       F      G
               +--------+--------+--------+--------+--------+-----+--------+
         Total |    371 |    371 |      0 |      0 |      0 |   2 |  185.5 |
       Dungeon |    371 |    371 |      0 |      0 |      0 |   2 |  185.5 |
               +--------+--------+--------+--------+--------+-----+--------+

Top non-repeatable levels by time:
     D:1: 237 daAuts
     D:2: 133 daAuts
